 Dungeon Crawl Stone Soup version 0.23-a0-655-g3751e1c (webtiles) character file.

149443 Lanoc the Fencer (level 18, -18/143 HPs)
             Began as a Formicid Fighter on Jan 7, 2019.
             Was the Champion of Cheibriados.
             Demolished by an ettin
             ... wielding a +0 great mace
              (37 damage)
             ... on level 2 of the Depths.
             The game lasted 01:15:25 (27139 turns).

Lanoc the Fencer (Formicid Fighter)                Turns: 27139, Time: 01:15:26

Health: -18/143    AC: 19    Str: 44    XL:     18   Next: 13%
Magic:  0/27       EV: 26    Int: 23    God:    Cheibriados [******]
Gold:   2674       SH: 25    Dex: 30    Spells: 17/17 levels left

rFire    . . .     SeeInvis +   E - +7 scimitar
rCold    + . .     Gourm    .   I - +0 large shield {reflect}
rNeg     . . .     Faith    .   P - +3 chain mail {rC+}
rPois    .         Spirit   +   (helmet unavailable)
rElec    +         Reflect  +   b - +0 cloak
rCorr    .         Harm     .   (no gloves)
MR       ++...                  (no boots)
Stlth    ..........             p - amulet of guardian spirit
HPRegen  0.33/turn              H - ring of protection from magic
MPRegen  0.20/turn              k - +2 ring of protection

@: agile, studying Armour, very slow
A: permanent stasis, dig shafts and tunnels, four strong arms, antennae 3,
electricity resistance
a: Dig, Shaft Self, Bend Time, Temporal Distortion, Slouch, Step From Time,
Renounce Religion


You were on level 2 of the Depths.
You worshipped Cheibriados.
Cheibriados was exalted by your worship.
You were not hungry.

You visited 5 branches of the dungeon, and saw 26 of its levels.
You visited the Abyss 1 time.
You also visited: Bailey.

You collected 2864 gold pieces.
You spent 190 gold pieces at shops.

Inventory:

Hand Weapons
 c - a +2 battleaxe of flaming
 o - a +2 falchion of draining
 E - a +7 scimitar (weapon)
 J - a +1 great sword of holy wrath
Missiles
 m - 101 sling bullets
Armour
 b - a +0 cloak (worn)
 I - a +0 large shield of reflection (worn)
 L - a +1 chain mail of poison resistance
 P - a +3 chain mail of cold resistance (worn)
Jewellery
 k - a +2 ring of protection (right hand)
 p - an amulet of guardian spirit (around neck)
 t - an uncursed ring of magical power
 y - an uncursed ring of protection from cold
 H - a ring of protection from magic (left hand)
Wands
 a - a wand of scattershot (10)
 h - a wand of polymorph (6)
 v - a wand of digging (7)
 C - a wand of paralysis (18)
 F - a wand of flame (60)
Scrolls
 g - 3 scrolls of enchant weapon
 i - 7 scrolls of immolation
 j - 3 scrolls of fog
 n - 4 scrolls of enchant armour
 r - 15 scrolls of identify
 w - 4 scrolls of magic mapping
 x - 10 scrolls of remove curse
 z - 5 scrolls of fear
 A - a scroll of amnesia
Potions
 d - 7 potions of curing
 e - 4 potions of brilliance
 l - 4 potions of agility
 q - 2 potions of mutation
 s - 3 potions of ambrosia
 B - 4 potions of flight
 N - 2 potions of haste {unknown}
Books
 O - a manual of Armour
Miscellaneous
 G - a phantom mirror
 K - a sack of spiders
Comestibles
 f - 38 rations


   Skills:
 + Level 13.3 Fighting
 * Level 16.2 Long Blades
 + Level 13.8 Armour
 + Level 11.0 Dodging
 + Level 13.5 Shields
 + Level 13.1 Invocations


You had 17 spell levels left.
You didn't know any spells.
Your spell library contained the following spells:

 Spells                   Type           Power        Failure   Level  Hunger
 Corona                   Hex            #......      45%         1    ##.....
 Flame Tongue             Conj/Fire      #....        45%         1    ##.....
 Infusion                 Chrm           #...         45%         1    ##.....
 Magic Dart               Conj           #...         45%         1    ##.....
 Summon Small Mammal      Summ           #...         45%         1    ##.....
 Ensorcelled Hibernation  Hex/Ice        #.....       58%         2    ###....
 Searing Ray              Conj           #.....       58%         2    ###....
 Slow                     Hex            #.......     58%         2    ###....
 Song of Slaying          Chrm           #.......     58%         2    ###....
 Throw Flame              Conj/Fire      #.....       58%         2    ###....
 Confuse                  Hex            #.......     83%         3    ####...
 Conjure Flame            Conj/Fire      #.......     83%         3    ####...
 Dazzling Spray           Conj/Hex       #.....       83%         3    ####...
 Inner Flame              Hex/Fire       #.......     83%         3    ####...
 Portal Projectile        Hex/Tloc       #.....       83%         3    ####...
 Tukima's Dance           Hex            #.......     83%         3    ####...
 Cause Fear               Hex            #.........   99%         4    #####..
 Force Lance              Conj/Tloc      #.......     99%         4    #####..
 Fulminant Prism          Conj/Hex       #.........   99%         4    #####..
 Ice Form                 Ice/Tmut       #.......     99%         4    #####..
 Iskenderun's Mystic Bla  Conj           #.......     99%         4    #####..
 Leda's Liquefaction      Hex/Erth       #.........   99%         4    #####..
 Sticky Flame             Conj/Fire      #.......     99%         4    #####..
 Fireball                 Conj/Fire      #.........   100%        5    ######.
 Metabolic Englaciation   Hex/Ice        #.........   100%        5    ######.
 Bolt of Cold             Conj/Ice       #.........   100%        6    #######
 Freezing Cloud           Conj/Ice/Air   #.........   100%        6    #######
 Ozocubu's Refrigeration  Ice            #.........   100%        6    #######
 Simulacrum               Ice/Necr       #.........   100%        6    #######
 Ring of Flames           Chrm/Fire      #.........   100%        7    #######
 Dragon's Call            Summ           #.........   100%        9    #######


Dungeon Overview and Level Annotations

Branches:
Dungeon (15/15)            Temple (1/1) D:7            Lair (6/6) D:9
  Swamp (0/4) Lair:2        Snake (0/4) Lair:4        Slime (0/5) Lair:5
    Orc (2/2) D:10            Elf (0/3) Orc:2        Vaults (0/5) D:14
 Depths (2/5) D:15

Altars:
Cheibriados
Dithmenos
Elyvilon
Fedhas
Trog
Uskayaw
Vehumet
Yredelemnul
Zin
The Shining One

Shops:
D:4 :   D:7 !   D:14 (   D:15 [   Orc:2 ?([%   Depths:1 *}*(

Portals:
Hell: Depths:1
Trove: D:11 (give 18 scrolls of identify)

Annotations:
D:11 trove 18 identity scroll
Lair:5 exclusion: oklob plant


Innate Abilities, Weirdness & Mutations

You cannot be hasted, slowed, berserked, paralysed or teleported.
You can dig through walls and to a lower floor.
Your four strong arms can wield two-handed weapons with a shield.
You have a pair of large antennae on your head. (SInv)
You are resistant to electric shocks. (rElec)


Message History

The slime creature hits you!
* * * LOW HITPOINT WARNING * * *
You feel much better. You block the ettin's attack. x2
You block the slime creature's attack. The deep troll shaman misses you.
You block the deep troll shaman's attack. x2
The ettin hits you with a +0 great mace!
* * * LOW HITPOINT WARNING * * *
You block the ettin's attack.
The slime creature completely misses you.
The deep troll shaman completely misses you.
You block the deep troll shaman's attack.
The deep troll shaman claws you!
* * * LOW HITPOINT WARNING * * *
You block the slime creature's attack. The deep troll shaman misses you.
You block the deep troll shaman's attack. x2
You block the slime creature's attack.
The ettin hits you with a +0 great mace!!!
You die...

#.....................)
#.....................
#.....................
##........####..#####.#
#....(...##...#.#.....#
#........#.....#.....#.
#........#.....#.....#
#....CTJ.#.....#.....#
....#...@..##...###...##
^(.##.........### ##'##
..#....#....##... ..)
......#.....# .. ..%..
..#...#.....# {. #.[$$.#
. #..#......# #..$..#
#..#...##.# ##...##
.......# .. #####


You could see an ettin, a slime creature and a deep troll shaman.

Vanquished Creatures
  A lich (Depths:2)
  An orc warlord (Orc:1)
  A frost giant (D:15)
  3 very ugly things (Abyss:2)
  A stone giant (Depths:2)
  Nessos (D:13)
  2 ettins
  A fire dragon (D:15)
  Erolcha (D:12)
  4 ice dragons
  2 great orbs of eyes
  8 vault guards (D:14)
  Harold (Lair:1)
  Fannar (D:10)
  8 hydras
  4 rakshasas
  4 centaur warriors
  3 catoblepae (Lair:6)
  A death knight (D:8)
  2 ogre magi
  16 two-headed ogres
  Urug (Orc:1)
  The ghost of Lanoc the Blocker, a novice GnFi of Qazlal (D:11)
  3 deep troll earth magi (Depths:1)
  8 death yaks (Lair:6)
  Sonja (D:13)
  4 orc high priests
  3 deep trolls (Depths:1)
  A glowing orange brain (Depths:1)
  4 orc knights
  5 oklob plants
  A deep elf mage (D:14)
  A worldbinder (Abyss:2)
  4 orc sorcerers
  3 manticores
  25 ugly things
  2 cyclopes
  8 elephants (Lair:6)
  5 black mambas
  A water nymph (shapeshifter) (D:14)
  8 spiny frogs
  A black mamba (shapeshifter) (D:15)
  A guardian serpent (Lair:4)
  Psyche (D:11)
  5 yaktaurs
  4 rime drakes
  2 komodo dragons (Lair:2)
  A freezing wraith (D:15)
  2 polar bears
  4 kobold demonologists
  An ancient zyme (Abyss:2)
  2 tengu conjurers (Depths:1)
  5 trolls
  2 wind drakes (shapeshifter) (Depths:1)
  3 slime creatures
  7 blink frogs
  4 hippogriffs
  3 bog bodies (Lair:2)
  A hornet (shapeshifter) (Abyss:2)
  A large abomination (Abyss:2)
  A spriggan (shapeshifter) (Depths:1)
  A spriggan (D:10)
  A shadow (D:13)
  4 wyverns
  Sigmund (D:4)
  45 yaks
  2 basilisks
  A neqoxec (Abyss:2)
  A steam dragon (D:15)
  A hungry ghost (D:8)
  4 vampire mosquitoes (D:14)
  8 swamp worms
  An acid dragon (D:12)
  6 wargs
  8 water moccasins
  A floating eye (Depths:2)
  8 porcupines
  3 ice beasts
  29 orc warriors
  A phantom (D:6)
  An eye of draining (D:11)
  5 wolves
  8 centaurs
  11 ogres
  A necrophage (D:8)
  5 boggarts (Depths:1)
  9 crocodiles
  5 big kobolds
  12 bullfrogs
  A wyvern skeleton (D:14)
  6 scorpions
  3 killer bees (D:13)
  11 wights
  5 electric eels
  2 howler monkeys
  2 bullfrog zombies
  6 crimson imps
  3 quasits
  3 centaur zombies
  5 hounds
  3 jellies
  2 bullfrog skeletons
  30 orc priests
  9 centaur skeletons
  5 iguanas
  Ijyb (D:3)
  31 orc wizards
  7 worker ants
  A killer bee zombie (D:8)
  2 worker ant zombies
  7 gnolls
  14 adders
  6 shadow imps
  2 oozes
  An adder zombie (D:8)
  2 worms
  3 dart slugs
  5 leopard geckos
  63 orcs
  6 giant cockroaches
  2 gnoll zombies (D:9)
  6 goblins
  10 hobgoblins
  15 jackals
  8 quokkas
  A ball python (D:5)
  5 bats
  3 frilled lizards
  21 kobolds
  A quokka zombie (D:6)
  12 rats
  A fungus (Lair:4)
  A plant (Lair:6)
722 creatures vanquished.

Vanquished Creatures (others)
  A stone giant (Depths:2)
  A cyclops (D:15)
  2 yaktaurs
  An orc priest (Orc:2)
  An adder skeleton (D:4)
  An orc (Orc:2)
  4 kobolds (Bailey)
  A bush (Lair:4)
  2 fungi (Lair:6)
  10 plants
24 creatures vanquished.

Grand Total: 746 creatures vanquished

Notes
Turn   | Place    | Note
-------+----------+-------------------------------------------
     0 | D:1      | Lanoc the Formicid Fighter began the quest for the Orb.
     0 | D:1      | Reached XP level 1. HP: 18/18 MP: 1/1
    95 | D:1      | Reached XP level 2. HP: 23/24 MP: 2/2
   430 | D:2      | Reached XP level 3. HP: 29/29 MP: 3/3
   915 | D:2      | Reached XP level 4. HP: 36/36 MP: 4/4
   937 | D:2      | Reached skill level 3 in Long Blades
   937 | D:2      | Reached skill level 1 in Dodging
  1058 | D:3      | Reached XP level 5. HP: 42/42 MP: 5/5
  1350 | D:3      | Noticed Ijyb
  1365 | D:3      | Killed Ijyb
  1448 | D:3      | Reached XP level 6. HP: 47/48 MP: 6/6
  1578 | D:4      | Found a radiant altar of Vehumet.
  1723 | D:4      | Noticed Sigmund
  1734 | D:4      | Killed Sigmund
  1734 | D:4      | Reached skill level 4 in Long Blades
  1734 | D:4      | Reached XP level 7. HP: 35/55 MP: 7/7
  1775 | D:4      | Reached skill level 5 in Shields
  1851 | D:4      | Found Ucytaa's Book Shop.
  2033 | D:4      | Found a snail-covered altar of Cheibriados.
  2208 | D:4      | Found a white marble altar of Elyvilon.
  2344 | D:4      | Became a worshipper of Cheibriados the Contemplative
  2608 | D:5      | Entered Level 5 of the Dungeon
  2958 | D:5      | Found a basalt altar of Yredelemnul.
  2972 | D:5      | Reached skill level 5 in Long Blades
  2972 | D:5      | Reached skill level 5 in Armour
  2972 | D:5      | Reached XP level 8. HP: 30/61 MP: 8/8
  3152 | D:5      | Reached skill level 5 in Fighting
  3956 | D:5      | Reached * piety under Cheibriados
  4188 | D:6      | Reached skill level 6 in Long Blades
  4547 | D:6      | Found a glowing golden altar of the Shining One.
  4827 | D:7      | Found a staircase to the Ecumenical Temple.
  4836 | Temple   | Entered the Ecumenical Temple
  4888 | D:7      | Reached XP level 9. HP: 68/69 MP: 9/9
  4948 | D:7      | Reached skill level 1 in Invocations
  4971 | D:7      | Found Orchai's Distillery.
  4976 | D:7      | Bought a potion of agility for 52 gold pieces
  4976 | D:7      | Bought a potion of ambrosia for 104 gold pieces
  5133 | D:7      | Found a blossoming altar of Fedhas.
  5358 | D:7      | Found a hide-covered altar of Uskayaw.
  5655 | D:8      | Reached skill level 7 in Long Blades
  5677 | D:8      | Reached ** piety under Cheibriados
  5721 | D:8      | Noticed a death knight
  5985 | D:8      | Noticed a hippogriff
  5995 | D:8      | Killed a hippogriff
  6027 | D:8      | Noticed a two-headed ogre
  6038 | D:8      | Killed a two-headed ogre
  6038 | D:8      | Reached XP level 10. HP: 16/77 MP: 1/12
  6420 | D:8      | Killed a death knight
  6420 | D:8      | Reached skill level 8 in Long Blades
  6724 | D:8      | Reached *** piety under Cheibriados
  6724 | D:8      | Reached skill level 5 in Dodging
  7527 | D:9      | Found a staircase to the Lair.
  7771 | D:10     | Entered Level 10 of the Dungeon
  7814 | D:10     | Found a staircase to the Orcish Mines.
  7875 | D:10     | Reached skill level 9 in Long Blades
  7875 | D:10     | Reached skill level 5 in Invocations
  7875 | D:10     | Reached XP level 11. HP: 83/84 MP: 14/14
  8001 | D:10     | Reached **** piety under Cheibriados
  8061 | D:10     | Found a bloodstained altar of Trog.
  8271 | D:11     | Noticed Psyche
  8280 | D:11     | Killed Psyche
  8443 | D:11     | Noticed Fannar
  8458 | D:10     | Killed Fannar
  8579 | D:11     | Found a runed door.
  8589 | D:11     | Noticed Lanoc's ghost (novice GnFi)
  8601 | D:11     | Found a glowing silver altar of Zin.
  8681 | D:11     | Killed Lanoc's ghost
  8792 | D:11     | Found a portal to a secret trove of treasure.
  9017 | D:12     | Noticed a green ugly thing
  9032 | D:12     | Killed a green ugly thing
  9046 | D:12     | Reached skill level 10 in Long Blades
  9053 | D:12     | Noticed a two-headed ogre
  9069 | D:12     | Killed a two-headed ogre
  9082 | D:12     | Reached ***** piety under Cheibriados
  9320 | D:12     | Reached XP level 12. HP: 94/94 MP: 16/16
  9425 | D:12     | Noticed Erolcha
  9439 | D:12     | Killed Erolcha
  9933 | D:13     | Noticed Nessos
  9943 | D:13     | Noticed an eight-headed hydra
 10289 | D:12     | Reached skill level 11 in Long Blades
 10289 | D:12     | Reached skill level 10 in Shields
 10289 | D:12     | Reached XP level 13. HP: 101/101 MP: 17/19
 10290 | D:12     | Reached skill level 10 in Fighting
 10290 | D:12     | Reached skill level 12 in Long Blades
 10290 | D:12     | Reached skill level 10 in Armour
 10290 | D:12     | Reached XP level 14. HP: 110/110 MP: 17/20
 10318 | D:13     | Killed Nessos
 10397 | D:13     | Noticed Sonja
 10412 | D:13     | Cast into level 2 of the Abyss (Sonja)
 10425 | Abyss:2  | Noticed a red very ugly thing
 10425 | Abyss:2  | Noticed a red very ugly thing
 10426 | Abyss:2  | Noticed a red very ugly thing
 10475 | Abyss:2  | Killed a red very ugly thing
 10491 | Abyss:2  | Killed a cyan very ugly thing
 10549 | Abyss:2  | Killed a green very ugly thing
 10572 | Abyss:2  | Gained mutation: You are resistant to electric shocks.
                  | (rElec) [a neqoxec]
 10585 | Abyss:2  | Noticed a starcursed mass
 10628 | Abyss:2  | Noticed a starcursed mass
 10701 | D:13     | Escaped the Abyss
 10701 | D:13     | HP: 4/111 [big kobold/+0 club (2)]
 11173 | D:13     | Killed Sonja
 11436 | D:13     | Reached ****** piety under Cheibriados
 11861 | D:14     | Reached skill level 13 in Long Blades
 11922 | D:14     | Reached skill level 10 in Invocations
 11945 | D:14     | Reached XP level 15. HP: 76/117 MP: 19/22
 12094 | D:14     | Found a shadowy altar of Dithmenos.
 12154 | D:14     | Found a gate to the Vaults.
 12943 | D:14     | Found Qesinwit's Antique Weapon Emporium.
 13259 | D:15     | Entered Level 15 of the Dungeon
 13562 | D:15     | Found a staircase to the Depths.
 13562 | D:15     | Noticed a frost giant
 13577 | D:15     | Killed a frost giant
 13782 | D:15     | Reached skill level 14 in Long Blades
 14285 | D:15     | Found Wiuf's Antique Armour Shoppe.
 14774 | Orc:1    | Entered Level 1 of the Orcish Mines
 14787 | Orc:1    | Found a flagged portal.
 14818 | Bailey   | Entered a bailey
 14894 | Bailey   | Found an iron altar of Okawaru.
 15742 | Orc:2    | Entered Level 2 of the Orcish Mines
 15751 | Orc:2    | Noticed an orc warlord
 15757 | Orc:1    | Reached XP level 16. HP: 118/127 MP: 22/24
 16708 | Orc:2    | Found a staircase to the Elven Halls.
 16725 | Orc:2    | Noticed Urug
 16756 | Orc:1    | Killed Urug
 17388 | Orc:2    | Found Wiotu's Armour Shoppe.
 17388 | Orc:2    | Found Quhe's Food Shoppe.
 17389 | Orc:2    | Found Ugicy's Antique Weapon Emporium.
 17392 | Orc:2    | Found Giel's Magic Scroll Emporium.
 17650 | Lair:1   | Entered Level 1 of the Lair of Beasts
 17955 | Lair:1   | Noticed Harold
 17974 | Lair:1   | Killed Harold
 19974 | Lair:2   | Found a staircase to the Swamp.
 20782 | Lair:3   | Reached skill level 10 in Dodging
 20849 | Lair:3   | Reached skill level 15 in Long Blades
 21002 | Lair:4   | Found a staircase to the Snake Pit.
 21710 | Lair:5   | Got a smoking robe
 21721 | Lair:5   | Identified the +1 robe of Dice, Bag, and Bottle {-Cast
                  | rElec rN+++} (You found it on level 5 of the Lair of
                  | Beasts)
 21880 | Lair:5   | Found a staircase to the Slime Pits.
 22618 | Lair:6   | Entered Level 6 of the Lair of Beasts
 22734 | Lair:6   | Reached XP level 17. HP: 126/135 MP: 26/26
 24060 | Depths:1 | Entered Level 1 of the Depths
 24646 | Depths:1 | Found Odoinonk's General Store.
 24646 | Depths:1 | Found Qeytor's Gadget Shop.
 24647 | Depths:1 | Found Ekhir's General Store.
 24651 | Depths:1 | Found Ewnietokk's Weapon Boutique.
 24663 | Depths:1 | Bought a scroll of identify for 34 gold pieces
 25780 | Depths:1 | You fall through a shaft!
 25891 | Depths:1 | Reached skill level 16 in Long Blades
 26217 | Depths:1 | Identified the Guide on Assistive Creation
 26220 | Depths:1 | Found a gateway to Hell.
 26709 | Depths:1 | Reached XP level 18. HP: 75/143 MP: 18/27
 27108 | Depths:2 | Noticed a lich
 27127 | Depths:2 | Killed a lich
 27139 | Depths:2 | Demolished by an ettin

Vault maps used:
D:1:      dpeg_arrival_three_smaller_balls
D:2:      first_ration
D:3:      uniq_ijyb
D:4:      elyvilon_altar_3, cheibriados_altar_1, fiery_altar_vehumet,
          serial_shops, nicolae_shop_statue_plus, uniq_sigmund
D:5:      basic_altar
D:6:      tso_metal_star
D:7:      marbit_many_paths, kennysheep_little_box, minmay_temple_entry_ruins,
          serial_shops, shop_fountains
D:8:      minmay_the_grid_four_pointed_star
D:9:      lemuel_zombie_altar_yredelemnul, lair_entry_dummy,
          kennysheep_cluttered_room
D:10:     orc_0_dummy, the_bakery, bloody_trog
D:11:     basic_altar, enter_trove_0, ebering_ghost_inner_flame, uniq_psyche,
          uniq_fannar
D:12:     kennysheep_blocky_hall, minmay_misc_feat_more_columns,
          minmay_misc_feat_doors, uniq_erolcha
D:13:     uniq_sonja, uniq_nessos
D:14:     erik_vaults_2, serial_shops, shop_statue, grunt_dithmenos_smoke
D:15:     grunt_enter_depths_snipers, minmay_misc_feat_room, serial_shops, shop
Temple:   nicolae_temple_elliptical
Lair:1:   worms_lemuel, uniq_harold
Lair:2:   dpeg_oklob_gauntlet, nicolae_swamp_entry_splash_gauntlet,
          serial_forest, infiniplex_forest_lined_2,
          infiniplex_forest_straight_4, infiniplex_forest_lined_3_way,
          infiniplex_forest_clump_diagonal, infiniplex_forest_clump_large,
          infiniplex_forest_clump_curved, infiniplex_forest_end_1
Lair:3:   st_stairs_5, minivault_24, nzn_random_ring
Lair:4:   minmay_snake_entry_spellcaster, serial_bayou_shore_a
Lair:5:   minmay_slime_entry_oklob_enclosed, serial_bayou_lake_a,
          grunt_megastairs_1
Lair:6:   evilmike_catoblepas_cave
Orc:1:    enter_bailey_3
Orc:2:    st_orc_mages, uniq_urug
Depths:1: minmay_misc_feat_hallway, hell_entry, minmay_liquid_box,
          kennysheep_generic_room_6, minmay_shoptagon
Depths:2: kennysheep_room_grid, serial_sigils, serial_sigils_hangedman_confine,
          serial_sigils_hangedman_etch, serial_sigils_hangedman_snap,
          serial_sigils_hangedman_writhe, hangedman_tar_grid_catacomb
Abyss:2:  hangedman_abyss_mock_shop
Bailey:   bailey_axe_3, bailey

Skill      XL: |  1  2  3  4  5  6  7  8  9 10 11 12 13 14 15 16 17 18 |
---------------+-------------------------------------------------------+-----
Shields        | 4 5 6 7 8 9 10 11 12 13 | 13.5
Long Blades    | 3 4 5 6 7 9 10 11 12 13 14 15 16 | 16.2
Dodging        | 1 2 3 4 5 6 7 8 9 10 11 | 11.0
Armour         | 4 5 6 7 8 9 10 11 12 13 | 13.8
Fighting       | 4 5 6 7 8 9 10 11 12 13 | 13.3
Invocations    | 3 5 6 8 10 11 12 13 | 13.1

Action                   |  1- 3 |  4- 6 |  7- 9 | 10-12 | 13-15 | 16-18 || total
-------------------------+-------+-------+-------+-------+-------+-------++-------
Melee: Long sword        |    88 |   116 |   135 |       |       |    17 ||   356
       Falchion          |       |       |   206 |   601 |  1070 |       ||  1877
       Great sword       |       |       |       |       |    53 |   142 ||   195
       Scimitar          |       |       |       |       |       |   903 ||   903
       Battleaxe         |       |       |       |       |       |    29 ||    29
Throw: Tomahawk          |       |       |       |       |     9 |       ||     9
Invok: Bend Time         |       |       |       |       |     1 |       ||     1
       Temporal Distorti |       |       |       |       |     1 |       ||     1
       Slouch            |       |       |       |       |       |     1 ||     1
 Abil: Dig               |       |       |       |       |    10 |     9 ||    19
  Use: Scroll            |       |     3 |    12 |     6 |     4 |     1 ||    26
       Potion            |       |     1 |     1 |     4 |     3 |     4 ||    13
  Eat: Chunk             |       |     3 |    10 |     7 |    11 |    22 ||    53
       Ration            |       |       |     1 |       |     1 |       ||     2
Armor: Scale mail        |    34 |    58 |    82 |   128 |   111 |       ||   413
       Chain mail        |       |       |       |       |    19 |   179 ||   198
Dodge: Dodged            |    29 |    34 |   138 |   181 |   304 |   489 ||  1175
Block: Shield            |    36 |    56 |   234 |   382 |   332 |       ||  1040
       Large shield      |       |       |       |       |   421 |  1299 ||  1720
       Reflection        |       |       |       |       |    57 |    45 ||   102
       Rpst.: Long sword |     9 |    14 |    21 |       |       |     2 ||    46
       Falchion          |       |       |    30 |    49 |    60 |       ||   139
       Great sword       |       |       |       |       |     8 |    19 ||    27
       Scimitar          |       |       |       |       |       |    66 ||    66

Table legend:
 A = Non-vault XP
 B = Vault XP
 C = Vault XP percentage of total XP
 D = Non-vault monster count
 E = Vault monster count
 F = Vault count percentage of total count
                 A         B        C        D         E       F
            +---------+---------+-------+---------+---------+-------
      Total |  120425 |   58584 |  32.7 |     560 |     168 |  23.1
            +---------+---------+-------+---------+---------+-------
        D:1 |      26 |       0 |   0.0 |      17 |       0 |   0.0
        D:2 |      99 |       0 |   0.0 |      19 |       0 |   0.0
        D:3 |     132 |      36 |  21.4 |      27 |       1 |   3.6
        D:4 |     245 |     208 |  45.9 |      18 |       1 |   5.3
        D:5 |     764 |       0 |   0.0 |      24 |       0 |   0.0
        D:6 |     446 |       0 |   0.0 |      13 |       0 |   0.0
        D:7 |     229 |      25 |   9.8 |       5 |       2 |  28.6
        D:8 |    2239 |    1722 |  43.5 |      27 |      15 |  35.7
        D:9 |     700 |       3 |   0.4 |      18 |       2 |  10.0
       D:10 |    2140 |    1197 |  35.9 |      14 |       2 |  12.5
       D:11 |     865 |    1691 |  66.2 |      12 |       3 |  20.0
       D:12 |    4346 |    1559 |  26.4 |      37 |       5 |  11.9
       D:13 |    3373 |    2219 |  39.7 |      25 |       2 |   7.4
       D:14 |   20364 |    7990 |  28.2 |      51 |       8 |  13.6
       D:15 |   12111 |    2849 |  19.0 |      19 |       3 |  13.6
     Lair:1 |    3894 |    2127 |  35.3 |       9 |       8 |  47.1
     Lair:2 |    3764 |    3304 |  46.7 |      17 |       9 |  34.6
     Lair:3 |    2717 |    4748 |  63.6 |      13 |      13 |  50.0
     Lair:4 |    2064 |     421 |  16.9 |      11 |       1 |   8.3
     Lair:5 |    2107 |    1159 |  35.5 |       7 |       3 |  30.0
     Lair:6 |   12121 |   12791 |  51.3 |      39 |      23 |  37.1
      Orc:1 |    8732 |    2082 |  19.3 |      58 |      11 |  15.9
      Orc:2 |    2353 |    4696 |  66.6 |      24 |      37 |  60.7
   Depths:1 |   19659 |    2391 |  10.8 |      35 |       3 |   7.9
   Depths:2 |    6211 |    4433 |  41.6 |       7 |       3 |  30.0
    Abyss:2 |    8724 |       0 |   0.0 |      14 |       0 |   0.0
     Bailey |       0 |     933 | 100.0 |       0 |      13 | 100.0
            +---------+---------+-------+---------+---------+-------
